 Dungeon Crawl Stone Soup version 0.30.0-15-g856e2d3f33 (webtiles) character file.

Game seed: 15682134541789957389

90 NateTC the Cudgeller (level 4, 0/29 HPs)
             Began as a Gargoyle Monk on May 19, 2023.
             Slain by Terence
             ... wielding a +2 flail of draining
              (8 damage)
             ... on level 2 of the Dungeon.
             The game lasted 00:02:25 (1365 turns).

NateTC the Cudgeller (Gargoyle Monk)                Turns: 1365, Time: 00:02:26

Health: 0/29       AC: 10    Str: 17    XL:     4   Next: 56%
Magic:  4/4        EV: 10    Int: 10    God:
Gold:   54         SH:  0    Dex: 12    Spells: 3/3 levels left

rFire   . . .        a - +0 mace
rCold   . . .        d - orb {light}
rNeg    + . .        f - +0 scale mail
rPois   ∞            b - +0 helmet
rElec   +            (no cloak)
rCorr   .            (no gloves)
SInv    .            (no boots)
Will    .....        (no amulet) Stlth
                     (no ring)
HPRegen 0.24/turn    (no ring)
MPRegen 0.09/turn

%: no passive effects
@: mighty, glowing
A: sickness immunity, AC +3, negative energy resistance 1, electricity
resistance, torment resistance 1, petrification resistance
a: no special abilities


You were on level 2 of the Dungeon.
You visited 1 branch of the dungeon, and saw 2 of its levels.

You collected 54 gold pieces.

Inventory:

Hand Weapons
 a - a +0 mace (weapon)
Armour
 b - a +0 helmet (worn)
 d - an orb of light (worn)
 f - a +0 scale mail (worn)
Scrolls
 i - a scroll of vulnerability
Potions
 c - a potion of ambrosia
 e - a potion of mutation {unknown}
 g - a potion of heal wounds {unknown}
 j - a potion of degeneration {unknown}


   Skills:
 + Level 3.9 Fighting
 - Level 4.8 Maces & Flails
 - Level 2.4 Dodging


You had 3 spell levels left.
You didn't know any spells.
Your spell library contained the following spells:

 Spells                   Type           Power      Damage    Failure   Level
 Shock                    Conj/Air       0%         1d3       80%         1
 Swiftness                Air            0%         N/A       99%         3
 Airstrike                Air            0%         2d(0-16)  100%        4


Dungeon Overview and Level Annotations

Branches:
Dungeon (2/15) Zot: 10605

Altars:

Annotations:
D:2 Terence


Innate Abilities, Weirdness & Mutations

You are immune to sickness and miasma.
Your stone body is resilient. (AC +3)
You are immune to poison.
You resist negative energy. (rN+)
You are resistant to electric shocks. (rElec)
You are resistant to unholy torment.
You are immune to petrification.


Message History

You hit the hobgoblin.
The hobgoblin is lightly wounded.
The hobgoblin hits you but does no damage.
You hit the hobgoblin.
The hobgoblin is moderately wounded.
The hobgoblin hits you but does no damage.
You hit the hobgoblin.
The hobgoblin is severely wounded.
The hobgoblin barely misses you.
You barely miss the hobgoblin.
The hobgoblin is severely wounded.
The hobgoblin hits you.
You hit the hobgoblin.
You kill the hobgoblin!
No target in view!
Terence the Incautious comes into view.
He is wielding a +2 flail of draining.
Terence shouts!
Terence is nearby!
Terence is nearby!
Terence is nearby!
You hit Terence.
Terence is lightly wounded.
Terence hits you with a +2 flail of draining.
You barely miss Terence.
Terence is lightly wounded.
Terence hits you with a +2 flail of draining.
Terence hits you with a +2 flail of draining!
You are too injured to fight recklessly!
You are too injured to fight recklessly!
Okay, then.
You feel very mighty all of a sudden. Terence hits you but does no damage.
You sock Terence!
Terence is heavily wounded.
Terence hits you with a +2 flail of draining.
* * * LOW HITPOINT WARNING * * *
You hit Terence.
Terence is almost dead.
Terence hits you with a +2 flail of draining!
You die...

#........##.###
#.............#
.........########
.#+##...†)......#
#...........#
#<..........#
#...........#
#...........#
#........@..#
#.........@.#
#..............
#................
#................
#................
#####
................
#....
########.......
#.... #....


You could see Terence.

Vanquished Creatures
  Robin (D:2)
  An adder (D:2)
  A worm (D:2)
  7 ball pythons
  3 endoplasms
  2 giant cockroaches
  11 goblins
  7 hobgoblins
  8 jackals
  4 kobolds
  3 quokkas
  2 bats
  3 frilled lizards
  8 rats
61 creatures vanquished.

Notes
Turn   | Place    | Note
-------+----------+-------------------------------------------
     0 | D:1      | NateTC the Gargoyle Monk began the quest for the Orb.
     0 | D:1      | Reached XP level 1. HP: 14/14 MP: 1/1
   122 | D:1      | Reached XP level 2. HP: 17/19 MP: 2/2
   269 | D:1      | Reached skill level 4 in Maces & Flails
   516 | D:1      | Reached XP level 3. HP: 22/23 MP: 3/3
   929 | D:2      | Noticed Robin
   938 | D:2      | Killed Robin
   952 | D:2      | Reached XP level 4. HP: 12/28 MP: 4/4
  1357 | D:2      | Noticed Terence
  1365 | D:2      | Slain by Terence

Illustrated notes

Levels and vault maps discovered:
D:1:      dpeg_arrival_ratfight, layout_basic
D:2:      layout_basic, basic_altar, grunt_ministairs_11, uniq_terence,
          uniq_robin, uniq_jessica

Skill      XL: |  1  2 |
---------------+-------+-----
Maces & Flails | 4 |  4.8
Fighting       | |  3.9
Dodging        | |  2.4

Action                     |  1- 3 |  4- 6 || total
---------------------------+-------+-------++-------
  Melee: Mace              |    94 |    57 ||   151
    Use: Scroll            |     4 |       ||     4
         Potion            |       |     1 ||     1
 Armour: Robe              |    24 |     6 ||    30
         Scale mail        |       |    12 ||    12
  Dodge: Dodged            |    48 |    29 ||    77
